 Dungeon Crawl Stone Soup version 0.18.1-8-gdd0e5ea (webtiles) character file.

305 wallmoss the Ducker (level 6, 0/61 HPs)
             Began as a Troll Berserker on May 28, 2016.
             Was a Priest of Trog.
             Slain by an iguana (5 damage)
             ... while paralysed
             ... on level 4 of the Dungeon.
             The game lasted 00:29:40 (3477 turns).

wallmoss the Ducker (Troll Berserker)               Turns: 3477, Time: 00:29:41

Health: 0/61       AC:  5    Str: 25 (28) XL:     6   Next: 15%
Magic:  5/5        EV:  1    Int:  0 (3)  God:    Trog [***...]
Gold:   123        SH:  0    Dex:  7 (9)  Spells: 0 memorised, 5 levels left

rFire  . . .     SeeInvis .     v - +0 giant spiked club
rCold  . . .     Gourm    +     k - +0 robe (curse)
rNeg   . . .     Faith    .     (shield currently unavailable)
rPois  .         Spirit   .     (helmet restricted)
rElec  .         Dismiss  .     (no cloak)
rCorr  .         Reflect  .     (gloves unavailable)
SustAt .         Harm     .     (boots unavailable)
MR     .....                    (no amulet)
Stlth  +.........               (no ring)
                                (no ring)

@: paralysed, slowed, lost intelligence, drained, not resistant to hostile
enchantments, very unstealthy
A: unfitting armour, claws 3, fast metabolism 3, gourmand, regeneration 2,
shaggy fur 1, tough skin 2
a: Berserk, Trog's Hand, Burn Spellbooks, Renounce Religion


You were on level 4 of the Dungeon.
You worshipped Trog.
Trog was most pleased with you.
You were not hungry.

You visited 1 branch of the dungeon, and saw 4 of its levels.

You collected 123 gold pieces.

Inventory:

Hand Weapons
 a - a +0 hunting sling
 e - a +0 mace
 o - a +1 dagger of draining
 q - a +1 falchion of protection
 r - a +0 mace of holy wrath
 v - a +0 giant spiked club (weapon)
Missiles
 i - 34 bolts
 j - 126 stones (quivered)
 l - 7 needles of paralysis
 n - 42 arrows
Armour
 b - a +0 animal skin
 k - a cursed +0 robe (worn)
 p - a +0 ring mail
 A - a +0 shield
Scrolls
 f - 2 scrolls of identify
 h - a scroll of teleportation {unknown}
Potions
 d - 2 potions of magic {unknown}
 g - 2 potions of curing {unknown}
 u - a potion of brilliance
Miscellaneous
 x - a plain deck of wonders
Comestibles
 c - 4 bread rations
 s - a slice of pizza
 t - a meat ration
 w - a fruit


   Skills:
 + Level 3.3(2.8) Fighting
 + Level 1.1(0.6) Long Blades
 + Level 2.9(2.4) Maces & Flails
 + Level 4.5(4.0) Dodging
 + Level 0.3(0.0) Stealth
 + Level 1.1(0.6) Shields
 + Level 0.2(0.0) Unarmed Combat


You had 5 spell levels left.
You didn't know any spells.

Dungeon Overview and Level Annotations

Branches:
Dungeon (4/15)
 Temple: D:4-7

Altars:
Cheibriados
Fedhas
Okawaru


Innate Abilities, Weirdness & Mutations

You are too large for most types of armour.
You have claws for hands.
Your metabolism is lightning-fast.
You like to eat raw meat.
You heal very quickly.
You are covered in fur (AC +1).
You have very tough skin (AC +2).


Message History

You barely miss the iguana.
The iguana bites you but does no damage.
The worm bites you! The iguana bites you.
You puncture the iguana!
The iguana is severely wounded.
The iguana barely misses you. The worm bites you! The iguana bites you!
* * * LOW HITPOINT WARNING * * *
It was a potion of degeneration.
There was something very wrong with that liquid.
You feel weakened.
You feel dopey.
You have lost your intelligence.
You feel clumsy. The worm bites you!
* * * LOW HITPOINT WARNING * * *
The iguana bites you.
* * * LOW HITPOINT WARNING * * *
The iguana bites you.
* * * LOW HITPOINT WARNING * * *
The worm completely misses you. The iguana bites you.
You die...

###.
##############################...
............................##...
###########################.##...
...........# #.##...
############...# #.##...
#......#####...###.##...
#...................#...
......l@.......###..#...
......w........# #..#...
...............# #..#...
...............# #..#...
##.#+#..##+#...# #..#... #
#.#..##.#...# #..#...
#.#...#.#...# #...... #
#.......#...###.####.
....#.)..................


You could see a worm and an iguana.

Vanquished Creatures
  An ogre (D:4)
  A hound (D:4)
  Natasha (thrice) (D:3)
  3 gnolls (D:3)
  An adder (D:3)
  2 oozes
  4 dart slugs (D:2)
  4 giant geckos
  2 orcs (D:3)
  3 bats
  A giant cockroach (D:2)
  11 goblins
  11 hobgoblins
  9 kobolds
  2 giant newts
  6 rats
64 creatures vanquished.

Vanquished Creatures (others)
  A hobgoblin (D:2)
1 creature vanquished.

Grand Total: 65 creatures vanquished

Notes
Turn   | Place    | Note
--------------------------------------------------------------
     0 | D:1      | wallmoss the Troll Berserker began the quest for the Orb.
     0 | D:1      | Reached XP level 1. HP: 22/22 MP: 0/0
   241 | D:1      | Reached XP level 2. HP: 29/29 MP: 1/1
   958 | D:2      | Found an iron altar of Okawaru.
   994 | D:2      | Reached skill level 3 in Dodging
  1119 | D:2      | Reached XP level 3. HP: 32/36 MP: 2/2
  1178 | D:2      | Found a blossoming altar of Fedhas.
  1351 | D:2      | Reached ** piety under Trog
  2055 | D:3      | Noticed Natasha
  2064 | D:3      | Killed Natasha
  2064 | D:3      | Reached XP level 4. HP: 45/45 MP: 3/3
  2262 | D:3      | Noticed Natasha
  2273 | D:3      | Killed Natasha
  2408 | D:3      | Reached XP level 5. HP: 51/53 MP: 4/4
  2642 | D:3      | Reached skill level 4 in Dodging
  2944 | D:3      | Noticed Natasha
  2953 | D:3      | Killed Natasha
  2953 | D:3      | Reached *** piety under Trog
  3221 | D:4      | Noticed an ogre
  3230 | D:4      | Killed an ogre
  3230 | D:4      | Reached skill level 1 in Long Blades
  3230 | D:4      | Reached skill level 1 in Shields
  3230 | D:4      | Reached XP level 6. HP: 16/61 MP: 5/5
  3264 | D:4      | Found a snail-covered altar of Cheibriados.
  3475 | D:4      | Lost intelligence.
  3477 | D:4      | Slain by an iguana

Skill      XL: |  1  2  3  4  5 |
---------------+----------------+-----
Dodging        | 3 4 |  4.5
Fighting       | 3 |  3.3
Long Blades    | 1 |  1.1
Shields        | 1 |  1.1
Maces & Flails | |  2.9
Stealth        | |  0.3
Unarmed Combat | |  0.2

Action                   |  1- 3 |  4- 6 || total
-------------------------+-------+-------++-------
Melee: Mace              |    48 |       ||    48
       Short sword       |    24 |       ||    24
       Falchion          |    70 |   114 ||   184
       Unarmed           |     1 |       ||     1
       Giant spiked club |       |     8 ||     8
  Use: Scroll            |     2 |       ||     2
       Potion            |     1 |     1 ||     2
  Eat: Chunk             |    14 |    12 ||    26
       Meat ration       |     1 |       ||     1
       Fruit             |     1 |     1 ||     2
Armor: Animal skin       |    25 |       ||    25
       Robe              |    39 |    55 ||    94
Dodge: Dodged            |    86 |    58 ||   144
Block: Shield            |       |    27 ||    27
